 Dungeon Crawl Stone Soup version 0.26.1-2-gb8aa6d0cf2 (webtiles) character file.

Game seed: 3091798225000682414

723 YokaiYokai the Poker (level 7, -1/62 HPs)
             Began as a Minotaur Berserker on Mar 3, 2021.
             Was an Elder of Trog.
             Slain by a sky beast (6 damage)
             ... on level 5 of the Dungeon.
             The game lasted 00:11:56 (5889 turns).

YokaiYokai the Poker (Minotaur Berserker)           Turns: 5889, Time: 00:11:57

Health: -1/62      AC:  7    Str: 23    XL:     7   Next: 43%
Magic:  6/6        EV: 11    Int:  4    God:    Trog [****..]
Gold:   260        SH:  0    Dex: 10    Spells: 6/6 levels left

rFire    . . .     SeeInvis .   c - +0 battleaxe
rCold    . . .     Faith    .   (shield currently unavailable)
rNeg     . . .     Spirit   .   i - +0 scale mail
rPois    .         Reflect  .   (helmet restricted)
rElec    .         Harm     .   (no cloak)
rCorr    .         Rampage  .   (no gloves)
Will     .....                  (no boots)
Stlth    ..........             (no amulet)
HPRegen  0.20/turn              (no ring)
MPRegen  0.10/turn              (no ring)

@: no status effects
A: retaliatory headbutt, horns 2
a: Renounce Religion, Berserk, Trog's Hand, Brothers in Arms


You were on level 5 of the Dungeon.
You worshipped Trog.
Trog was greatly pleased with you.
You visited 1 branch of the dungeon, and saw 5 of its levels.

You collected 260 gold pieces.

Inventory:

Hand Weapons
 a - a +0 spear
 c - a +0 battleaxe (weapon)
 e - a +0 whip
Armour
 b - a +0 animal skin
 i - a +0 scale mail (worn)
Jewellery
 d - an uncursed ring of protection from fire
Wands
 h - a wand of random effects (18)
Scrolls
 g - 4 scrolls of remove curse
 l - 2 scrolls of random uselessness {unknown}
 n - 2 scrolls of teleportation
 o - 2 scrolls of magic mapping {unknown}
 q - a scroll of amnesia {unknown}
Potions
 f - a potion of resistance
 j - 2 potions of attraction
 k - 4 potions of curing {unknown}
 p - a potion of brilliance {unknown}
 s - a potion of might {unknown}
 t - a potion of ambrosia {unknown}


   Skills:
 + Level 5.9 Fighting
 + Level 2.2(4.7) Axes
 + Level 6.6(6.8) Polearms
 + Level 5.0 Armour
 + Level 4.0 Dodging
 + Level 1.0 Stealth


You had 6 spell levels left.
You didn't know any spells.
Your spell library was empty.

Dungeon Overview and Level Annotations

Branches:
Dungeon (5/15)
 Temple: D:4-7

Altars:
Dithmenos
Kikubaaqudgha
Trog
Uskayaw

Annotations:
D:5 Prince Ribbit


Innate Abilities, Weirdness & Mutations

You reflexively headbutt those who attack you in melee.
You have a pair of horns on your head.


Message History

The worker ant barely misses you.
You barely miss something. You hit the bullfrog skeleton. You hit the ufetubus.
You closely miss the worker ant. You miss Prince Ribbit.
Prince Ribbit croaks regally.
Prince Ribbit misses you.
The bullfrog skeleton closely misses you.
You furiously retaliate!
You headbutt the bullfrog skeleton. The ufetubus barely misses you.
The ufetubus misses you.
A sky beast appears from thin air!
Reactivating autopickup.
The sky beast closely misses you. The worker ant closely misses you.
You furiously retaliate!
You headbutt the worker ant. Prince Ribbit barely misses you.
The ufetubus hits you but does no damage.
The ufetubus closely misses you.
The sky beast flickers out of sight!
Deactivating autopickup; reactivate with Ctrl-A.
Something hits you.
* * * LOW HITPOINT WARNING * * *
Something shocks you.
You die...

#.## #.. #.# #.# #
#..########.# .#
.........<..###.#####
#.#.######...........
#.ยง###.##### #F@# ..
#B5o...<#..
....Z....# ..
..........## #
######.......
#...##### #...# #...#


You could see Prince Ribbit, a worker ant, an orc, an ufetubus and a bullfrog
skeleton.

Vanquished Creatures
  An ogre (D:4)
  A phantom (D:5)
  A howler monkey (D:4)
  An orc priest (D:3)
  A bullfrog skeleton (D:5)
  4 orc wizards
  Jessica (D:2)
  A worker ant (D:4)
  Natasha (thrice) (D:2)
  A hound skeleton (D:3)
  4 adders
  An ooze (D:5)
  An adder skeleton (D:4)
  2 worms (D:3)
  3 dart slugs
  6 leopard geckos
  18 orcs
  11 bats
  2 bat zombies (D:2)
  3 giant cockroaches
  11 goblins
  11 hobgoblins
  10 jackals
  9 kobolds
  2 quokkas (D:3)
  2 ball pythons (D:3)
  10 frilled lizards
  13 rats
  2 rat zombies (D:2)
136 creatures vanquished.

Notes
Turn   | Place    | Note
-------+----------+-------------------------------------------
     0 | D:1      | YokaiYokai the Minotaur Berserker began the quest for the
                  | Orb.
     0 | D:1      | Reached XP level 1. HP: 19/19 MP: 0/0
   252 | D:1      | Reached XP level 2. HP: 24/27 MP: 1/1
   352 | D:1      | Reached skill level 4 in Polearms
  1025 | D:1      | Reached XP level 3. HP: 23/34 MP: 2/2
  1248 | D:1      | Reached ** piety under Trog
  1906 | D:2      | Noticed Natasha
  1907 | D:2      | Noticed Jessica
  1910 | D:2      | Killed Jessica
  1911 | D:2      | Reached XP level 4. HP: 32/41 MP: 3/3
  1915 | D:2      | Killed Natasha
  2396 | D:2      | Reached skill level 5 in Fighting
  2497 | D:2      | Found a shadowy altar of Dithmenos.
  2500 | D:2      | Found a hide-covered altar of Uskayaw.
  2502 | D:2      | Found a bloodstained altar of Trog.
  2640 | D:2      | Reached XP level 5. HP: 48/48 MP: 4/4
  2751 | D:2      | Noticed Natasha
  2762 | D:2      | Killed Natasha
  2763 | D:2      | Reached skill level 5 in Polearms
  2848 | D:2      | Found an ancient bone altar of Kikubaaqudgha.
  2933 | D:2      | Noticed Natasha
  2950 | D:2      | Killed Natasha
  3240 | D:3      | Reached *** piety under Trog
  3618 | D:3      | Reached XP level 6. HP: 46/56 MP: 5/5
  4890 | D:4      | Reached skill level 6 in Polearms
  5433 | D:4      | Reached XP level 7. HP: 62/62 MP: 6/6
  5488 | D:4      | Reached skill level 1 in Axes
  5572 | D:5      | Entered Level 5 of the Dungeon
  5841 | D:5      | Reached **** piety under Trog
  5867 | D:5      | Reached skill level 5 in Armour
  5867 | D:5      | Reached skill level 1 in Stealth
  5882 | D:5      | Noticed Prince Ribbit
  5889 | D:5      | Slain by a sky beast

Illustrated notes

Levels and vault maps discovered:
D:1:      amcnicky_arrival_abandoned_market, layout_loops_ring, nrook_uturn,
          minmay_pentomino_s4
D:2:      layout_basic, lemuel_zombie_altar_kikubaaqudgha,
          grunt_temple_overflow_open, lemuel_another_geyser, uniq_natasha,
          uniq_jessica
D:3:      layout_rooms, minmay_joined_circles
D:4:      layout_loops_corners
D:5:      layout_loops_ring, minmay_temple_entry_large_hall, uniq_menkaure,
          uniq_prince_ribbit1

Skill      XL: |  1  2  3  4  5  6  7 |
---------------+----------------------+-----
Fighting       | 4 5 |  5.9
Polearms       | 4 5 6 |  6.6
Dodging        | 3 4 |  4.0
Armour         | 3 4 5 |  5.0
Axes           | 2 |  2.2
Stealth        | 1 |  1.0

Action                   |  1- 3 |  4- 6 |  7- 9 || total
-------------------------+-------+-------+-------++-------
Melee: Spear             |    73 |   235 |       ||   308
       Headbutt          |    16 |    24 |     6 ||    46
       Battleaxe         |       |    17 |    40 ||    57
Invok: Berserk           |       |     3 |     1 ||     4
  Use: Scroll            |     3 |     4 |       ||     7
Armor: Animal skin       |     1 |       |       ||     1
       Scale mail        |       |    94 |    32 ||   126
Dodge: Dodged            |    80 |   152 |    39 ||   271
